 Dungeon Crawl Stone Soup version 0.20-a0-454-g2b43fbb (webtiles) character file.

103 mopl the Slasher (level 4, 0/33 HPs)
             Began as a Barachian Skald on Jan 9, 2017.
             Slain by Natasha (4 damage)
             ... on level 2 of the Dungeon.
             The game lasted 00:02:07 (1137 turns).

mopl the Slasher (Barachian Skald)                  Turns: 1137, Time: 00:02:08

Health: 0/33       AC:  3    Str:  9    XL:     4   Next: 79%
Magic:  5/7        EV: 11    Int: 11    God:
Gold:   81         SH:  0    Dex: 11    Spells: 2/7 levels left

rFire  . . .     SeeInvis .     a - +0 falchion
rCold  . . .     Gourm    .     b - +0 leather armour
rNeg   . . .     Faith    .     (no shield)
rPois  .         Spirit   .     (no helmet)
rElec  .         Reflect  .     (no cloak)
rCorr  .         Harm     .     (no gloves)
MR     .....                    (no boots)
Stlth  +.........               (no amulet)
                                (no ring)
                                (no ring)

@: infused, slow
A: swims, slowness 1, strong legs 1
a: Hop


You were on level 2 of the Dungeon.
You were not hungry.

You visited 1 branch of the dungeon, and saw 2 of its levels.

You collected 81 gold pieces.

Inventory:

Hand Weapons
 a - a +0 falchion (weapon)
Missiles
 k - 5 javelins (quivered)
 l - 21 poisoned needles
Armour
 b - a +0 leather armour (worn)
Scrolls
 e - a scroll of identify {unknown}
 i - a scroll of amnesia {unknown}
 j - a scroll of enchant armour {unknown}
 m - 2 scrolls of remove curse {unknown}
 n - a scroll of teleportation {unknown}
Potions
 f - 2 potions of brilliance {unknown}
Books
 c - a book of Battle

   Spells                             Type                      Level
   a - Infusion                       Charms                       1
   b - Shroud of Golubria             Charms/Translocation         2
   c - Song of Slaying                Charms                       2
   d - Spectral Weapon                Hexes/Charms                 3
   e - Regeneration                   Charms/Necromancy            3
Comestibles
 d - a bread ration
 g - 2 meat rations
 h - 2 chunks of flesh


   Skills:
 - Level 2.1 Fighting
 + Level 5.3 Long Blades
 - Level 1.1 Armour
 - Level 2.0 Dodging
 - Level 2.0 Spellcasting
 - Level 3.0 Charms


You had 2 spell levels left.
You knew the following spells:

 Your Spells              Type           Power        Failure   Level  Hunger
a - Infusion              Chrm           #...         12%         1    ##.....
b - Song of Slaying       Chrm           #.......     17%         2    ###....
f - Shroud of Golubria    Chrm/Tloc      #.........   34%         2    ###....


Dungeon Overview and Level Annotations

Branches:
Dungeon (2/15)

Altars:
Gozag

Annotations:
D:2 Natasha


Innate Abilities, Weirdness & Mutations

You can swim through water.
You cover ground slowly.
You can hop short distances.


Message History

You are feeling hungry.
This raw flesh tastes terrible.
You start resting.
Some of the chunks of flesh in your inventory have rotted away.
Natasha, Servant of Life and Death comes into view.
Natasha hisses angrily.
You see here an adder skeleton.
Casting: Infusion
Confirm with . or Enter, or press ? or * to list all spells.
You begin infusing your attacks with magical energy.
Natasha stares at you and mumbles some strange words.
The magic dart hits you!
Natasha zaps a wand.
The puff of flame hits you!
It is a wand of flame (?/48) {zapped: 1}.
Natasha zaps a wand.
The puff of flame hits you!
* * * LOW HITPOINT WARNING * * *
You hit Natasha.
Natasha is lightly wounded.
Natasha claws you.
You die...

##..# ###..#
#.##.#....... #..#
##..#
#.##....._... #..#
##.#.##
#.####.......
#..###.###.## #.#
##.....# #.....##
##.###.# ##...##
#.####.###......#
##.##
##.#.######### ..#
######.h#####....
.........@........
........##รท###.##
#.########># #.#
#.# #.# #.. ###


You could see Natasha.

Vanquished Creatures
  Natasha (twice) (D:2)
  An adder (D:2)
  2 worms (D:2)
  3 dart slugs (D:1)
  A leopard gecko (D:2)
  4 bats
  A giant cockroach (D:1)
  2 goblins (D:1)
  8 hobgoblins
  2 jackals (D:1)
  4 kobolds
  A ball python (D:1)
  2 rats (D:1)
33 creatures vanquished.

Notes
Turn   | Place    | Note
-------+----------+-------------------------------------------
     0 | D:1      | mopl the Barachian Skald began the quest for the Orb.
     0 | D:1      | Reached XP level 1. HP: 16/16 MP: 3/3
   108 | D:1      | Reached XP level 2. HP: 17/22 MP: 0/5
   114 | D:1      | Reached skill level 3 in Long Blades
   169 | D:1      | Learned a level 2 spell: Song of Slaying
   172 | D:1      | Learned a level 2 spell: Shroud of Golubria
   273 | D:1      | Reached XP level 3. HP: 25/27 MP: 1/6
   648 | D:2      | Reached skill level 4 in Long Blades
   691 | D:2      | Found an opulent altar of Gozag.
   771 | D:2      | Noticed Natasha
   778 | D:2      | Killed Natasha
   778 | D:2      | Reached XP level 4. HP: 21/33 MP: 0/7
   911 | D:2      | Noticed Natasha
   918 | D:2      | Killed Natasha
   918 | D:2      | Reached skill level 5 in Long Blades
  1134 | D:2      | Noticed Natasha
  1137 | D:2      | Slain by Natasha

Vault maps used:
D:1:      lemuel_arrival_broad_hall
D:2:      lemuel_round_altar, fedhas_altar_2, uniq_crazy_yiuf_cottage,
          uniq_sigmund, uniq_natasha

Skill      XL: |  1  2  3  4 |
---------------+-------------+-----
Long Blades    | 3 4 5 |  5.3
Fighting       | |  2.1
Armour         | |  1.1
Dodging        | |  2.0
Spellcasting   | |  2.0
Charms         | |  3.0

Action                   |  1- 3 |  4- 6 || total
-------------------------+-------+-------++-------
Melee: Falchion          |    80 |    24 ||   104
Throw: Javelin           |     1 |     1 ||     2
 Cast: Infusion          |     5 |     5 ||    10
  Eat: Chunk             |       |     2 ||     2
Armor: Leather armour    |    22 |     4 ||    26
Dodge: Dodged            |    56 |    13 ||    69
       Rpst.: Falchion   |    22 |     9 ||    31
